AoeStats
← 大王同学

African Clearing

504524598Analyzed
4v4 RM · 25d ago on Sep 5, 2026· 39m 56s· 8 players
Game mode
Random Map
Map size
Large (8 player)
Population
200
Speed
Normal
Resources
Standard
Victory
Conquest
Starting age
Dark Age
Ending age
Imperial Age
RankedLock teamsTeams togetherTeam positionsShared explorationLock speedFull tech treeHidden civsTurbo modeCheats
Victory
Defeat
🇻🇳 Poles · Vietnam
1452
+14
🇨🇳 Vietnamese · China
1366
+17
🇨🇳 Huns · China
1353
+18
🇭🇰 Muisca · Hong Kong SAR China
1259
+21
🇨🇳 Mongols · China
1461
-20
🇹🇼 Spanish · Taiwan
1424
-19
🇹🇼 Huns · Taiwan
1397
-18
🇹🇷 Saracens · Türkiye
1288
-13
闷骚的庄子
12:07 Feudal Age
15:52 Castle Age
14:28 Double-Bit Axe
14:25 Horse Collar
15:53 Loom
17:11 Bow Saw
24:54 Wheelbarrow
30:02 Imperial Age
28:09 Ballistics
28:03 Gold Mining
28:26 Fletching
28:37 Padded Archer Armor
28:50 Bloodlines
28:44 Husbandry
29:01 Bodkin Arrow
29:55 Gold Shaft Mining
29:25 Heavy Plow
30:50 Leather Archer Armor
30:36 Heavy Cavalry Archer
31:18 Bracer
32:05 Parthian Tactics
32:12 Stone Mining
33:53 Scale Barding Armor
33:59 Forging
35:52 Chemistry
35:15 Chain Barding Armor
36:25 Conscription
36:07 Marauders
35:29 Elite Tarkan
36:47 Iron Casting
37:40 Two-Man Saw
37:18 Light Cavalry
37:19 Cavalier
SimonGood
13:26 Feudal Age
18:20 Castle Age
17:18 Double-Bit Axe
17:25 Horse Collar
17:33 Loom
18:31 Fletching
24:50 Bow Saw
25:00 Bodkin Arrow
28:49 Heavy Plow
29:26 Ballistics
30:26 Bloodlines
30:16 Husbandry
32:37 Gold Mining
32:39 Stone Mining
33:44 Wheelbarrow
33:55 Thumb Ring
37:46 Imperial Age
36:19 Padded Archer Armor
36:15 Elite Skirmisher
37:57 Heavy Cavalry Archer
38:55 Leather Archer Armor
38:45 Bracer
39:00 Leather Archer Armor
38:09 Imperial Skirmisher
thanh7531
3:03 Loom
14:07 Feudal Age
14:58 Double-Bit Axe
16:57 Town Watch
21:39 Castle Age
19:52 Forging
20:22 Bloodlines
22:12 Scale Barding Armor
29:45 Wheelbarrow
30:29 Husbandry
31:59 Iron Casting
31:44 Horse Collar
33:10 Szlachta Privileges
33:57 Chain Barding Armor
39:06 Gold Mining
大王同学
14:34 Feudal Age
13:38 Loom
18:31 Castle Age
16:42 Double-Bit Axe
17:36 Gold Mining
17:38 Stone Mining
17:34 Horse Collar
17:48 Fletching
19:22 Bow Saw
20:44 Wheelbarrow
22:54 Bodkin Arrow
26:14 Ballistics
28:46 Town Watch
39:12 Herbalism
Captain Jack Sparrow
8:22 Loom
13:52 Feudal Age
15:03 Double-Bit Axe
18:37 Castle Age
21:05 Fletching
21:28 Town Watch
23:01 Padded Archer Armor
23:13 Bloodlines
26:22 Gold Mining
37:20 Wheelbarrow
归来仍只会种田
5:06 Loom
14:11 Feudal Age
14:41 Double-Bit Axe
16:17 Gold Mining
18:50 Castle Age
19:53 Horse Collar
20:36 Scale Barding Armor
20:50 Husbandry
25:03 Forging
26:13 Bloodlines
27:03 Iron Casting
27:21 Chain Barding Armor
28:07 Bow Saw
34:10 Stone Mining
40:17 Imperial Age
38:26 Fletching
39:21 Bodkin Arrow
39:58 Ballistics
Mustafa
15:03 Feudal Age
15:29 Horse Collar
16:36 Loom
16:51 Double-Bit Axe
21:41 Castle Age
22:10 Forging
23:03 Heavy Plow
23:52 Bow Saw
24:15 Husbandry
31:41 Iron Casting
31:21 Scale Barding Armor
36:26 Imperial Age
36:30 Elite Mameluke
37:27 Bloodlines
39:04 Blast Furnace
38:25 Chain Barding Armor
Benjamin
5:24 Loom
14:31 Feudal Age
16:54 Double-Bit Axe
19:25 Castle Age
18:00 Horse Collar
21:02 Bow Saw
21:45 Wheelbarrow
24:52 Heavy Plow
27:04 Town Watch
29:04 Fletching
33:32 Hand Cart
35:59 Imperial Age
34:13 Bloodlines
34:03 Husbandry
35:18 Marauders
35:29 Husbandry
36:12 Scale Barding Armor
37:25 Chain Barding Armor
38:09 Forging
38:05 Bodkin Arrow
37:32 Elite Tarkan
39:15 Conscription
Connection lost

Rejoining the realm…

Still unreachable

The connection could not be restored.

Session expired

The server has moved on; the page needs a fresh start.